 Dungeon Sprint DCSS version 0.21-a0-297-ga3d34c2 (webtiles) character file.

2818 potatolord6000 the Grappler (level 9, -14/88 HPs)
             Began as a Gnoll Transmuter on Sept 28, 2017.
             Was a High Priest of Sif Muna.
             Demolished by a blink frog (16 damage)
             ... while paralysed by an orc sorcerer
             ... in the Dungeon (Sprint VII: "The Pits").
             The game lasted 00:08:35 (1477 turns).

potatolord6000 the Grappler (Gnoll Transmuter)      Turns: 1477, Time: 00:08:37

Health: -14/88     AC:  7    Str: 19    XL:     9   Next: 72%
Magic:  2/22       EV:  1    Int: 16    God:    Sif Muna [*****.]
Gold:   10         SH:  0    Dex: 18    Spells: 8/26 levels left

rFire    x . .     SeeInvis .     - Unarmed
rCold    + + +     Gourm    .   (shield currently unavailable)
rNeg     . . .     Faith    .   (armour currently unavailable)
rPois    +         Spirit   .   (helmet currently unavailable)
rElec    .         Reflect  .   (cloak currently unavailable)
rCorr    .         Harm     .   (gloves currently unavailable)
MR       .....     NoTele   +   (boots currently unavailable)
Stlth    +++.......             (no amulet)
HPRegen  0.24/turn              r - +3 ring of strength
MPRegen  0.18/turn              s - +3 ring of dexterity

@: paralysed, ice-form, heavily drained
A: distributed training, strong nose
a: End Transformation, Divine Energy, Channel Magic, Forget Spell, Renounce
Religion


You were in the Dungeon.
You worshipped Sif Muna.
Sif Muna was extremely pleased with you.
You were not hungry.
You were a creature of crystalline ice.
You visited 1 branch You collected 10 gold pieces.

Inventory:

Missiles
 a - 12 arrows
Armour
 b - a +0 cloak of magic resistance
 w - a +5 ring mail (melded)
Jewellery
 r - a +3 ring of strength (left front paw)
 s - a +3 ring of dexterity (right front paw)
Scrolls
 j - a scroll of blinking
 l - 3 scrolls of remove curse
 m - 5 scrolls of amnesia
 n - a scroll of summoning
Potions
 e - 6 potions of curing
 g - 4 potions of haste
 h - 4 potions of magic
 i - a potion of berserk rage
 k - 2 potions of invisibility
 t - 2 potions of brilliance
 u - 3 potions of agility
Books
 c - a book of Changes

   Spells                             Type                      Level
   a - Beastly Appendage              Transmutation                1
   b - Sticks to Snakes               Transmutation                2
   c - Spider Form                    Transmutation/Poison         3
   d - Ice Form                       Ice/Transmutation            4
   e - Blade Hands                    Transmutation                5
 q - Sif Muna's Papyrus of the Escort and Displacement
   (Sif Muna gifted it to you in the Dungeon)

   Spells                             Type                      Level
   a - Summon Butterflies             Summoning                    1
   b - Blink                          Translocation                2
   c - Call Canine Familiar           Summoning                    3
   d - Aura of Abjuration             Summoning                    5
   e - Summon Demon                   Summoning                    5
   f - Shadow Creatures               Summoning                    6
Comestibles
 d - 8 bread rations
 o - 40 fruits
 p - 6 meat rations


   Skills:
 + Level 8.1(6.8) Fighting
 + Level 8.0(6.7) Short Blades
 + Level 8.0(6.7) Long Blades
 + Level 8.0(6.6) Axes
 + Level 8.3(6.9) Maces & Flails
 + Level 7.4(6.0) Polearms
 + Level 7.4(6.0) Staves
 + Level 7.5(6.1) Slings
 + Level 7.5(6.1) Bows
 + Level 7.6(6.2) Crossbows
 + Level 7.5(6.1) Throwing
 + Level 7.0(5.6) Armour
 + Level 8.9(7.4) Dodging
 + Level 7.2(5.8) Stealth
   Level 0.0 Stabbing
 + Level 7.6(6.2) Shields
   Level 0.0 Traps
 + Level 10.2(8.7) Unarmed Combat
 + Level 9.1(7.7) Spellcasting
 + Level 7.3(5.9) Conjurations
 + Level 8.2(6.8) Hexes
 + Level 7.5(6.1) Charms
 + Level 7.5(6.1) Summonings
 + Level 8.1(6.7) Necromancy
 + Level 8.0(6.7) Translocations
 + Level 9.1(7.7) Transmutations
 + Level 7.7(6.3) Fire Magic
 + Level 7.6(6.2) Ice Magic
 + Level 8.0(6.7) Air Magic
 + Level 7.5(6.1) Earth Magic
 + Level 8.0(6.7) Poison Magic
 + Level 7.8(6.4) Invocations
 + Level 7.5(6.1) Evocations


You had 8 spell levels left.
You knew the following spells:

 Your Spells              Type           Power        Failure   Level  Hunger
a - Beastly Appendage     Tmut           ####..       1%          1    None
b - Ice Form              Ice/Tmut       ####....     6%          4    ####...
c - Blade Hands           Tmut           ####......   13%         5    #####..
d - Call Canine Familiar  Summ           ####....     2%          3    ##.....
e - Summon Demon          Summ           ####......   26%         5    #####..


Dungeon Overview and Level Annotations

Branches:
Dungeon (1/1)

Altars:
Ashenzari
Cheibriados
Dithmenos
Elyvilon
Fedhas
Gozag
Hepliaklqana
Kikubaaqudgha
Makhleb
Nemelex Xobeh
Okawaru
Qazlal
Ru
Sif Muna
Trog
Uskayaw
Vehumet
Wu Jian
Xom
Yredelemnul
Zin
The Shining One
Beogh
Jiyva
Lugonu


Innate Abilities, Weirdness & Mutations

Your experience applies equally to all skills.
((You have very sharp teeth.))
Your uncanny sense of smell can sniff out nearby items.


Message History

Unknown command.
Unknown command.
Unknown command.
You closely miss something.
Your orange demon closely misses the ynoxinul.
Unknown command.
You punch something! You freeze something.
Your orange demon disappears in a puff of smoke!
You hear some strange, mumbled words.
You suddenly lose the ability to move!
You hear some strange, mumbled words.
A bolt of negative energy appears from out of thin air!
Helpless, you fail to dodge the bolt of negative energy.
You feel drained.
* * * LOW HITPOINT WARNING * * *
The blink frog blinks!
Something hits you.
* * * LOW HITPOINT WARNING * * *
The blink frog hits you!
You die...

##................#
#####'#####''######
##.......##''#####
##.......##......#
##.......##..÷...#
##...<...###.)..## ##
##.......# ##''## #..'
##.......###....## 5...#
##.......##....FY#35h.##
##########.[)..3{So5§'.
###########...†.§#555.##
....#[.[.###....###5...#
....#..[.# ##''## ##..'
††..'..))###....## ##
....#!.))##......#
....#..))##......#
##################


You could see a black mamba, a blink frog, an orc, 5 ufetubi and a friendly
sixfirhy.

Vanquished Creatures
  A deep elf mage (D)
  Maurice (D)
  An ice devil (D)
  A troll (D)
  A tyrant leech (D)
  A blink frog (D)
  A snapping turtle (D)
  A water elemental (D)
  A warg (D)
  An orc warrior (D)
  A centaur (D)
  2 wolves (D)
  A crocodile (D)
  3 orc wizards (D)
  A worker ant (D)
  2 mummies (D)
  2 gnolls (D)
  2 adders (D)
  An ooze (D)
  An adder skeleton (D)
  An orc (D)
  A bat zombie (D)
  3 giant cockroaches (D)
  3 jackals (D)
  A ball python (D)
  A bat (D)
  2 kobolds (D)
  A rat (D)
39 creatures vanquished.

Vanquished Creatures (collateral kills)
  A hellwing (D)
  A blink frog (D)
  A wolf (D)
  A giant cockroach (D)
4 creatures vanquished.

Grand Total: 43 creatures vanquished

Notes
Turn   | Place    | Note
-------+----------+-------------------------------------------
     0 | D        | potatolord6000 the Gnoll Transmuter began the quest for the Orb.
     0 | D        | Reached XP level 1. HP: 17/17 MP: 6/6
    13 | D        | Reached skill level 1 in Short Blades
    13 | D        | Reached skill level 5 in Spellcasting
    13 | D        | Reached skill level 1 in Necromancy
    21 | D        | Found a bloodstained altar of Trog.
    21 | D        | Found a deep blue altar of Sif Muna.
    21 | D        | Found a viscous altar of Jiyva.
    21 | D        | Found a hazy altar of Hepliaklqana.
    21 | D        | Found an opulent altar of Gozag.
    45 | D        | Found a glowing golden altar of the Shining One.
    45 | D        | Found a glowing silver altar of Zin.
    45 | D        | Found a basalt altar of Yredelemnul.
    45 | D        | Found a shimmering altar of Xom.
    45 | D        | Found an ornate altar of the Wu Jian Council.
    45 | D        | Found a sacrificial altar of Ru.
    45 | D        | Found a stormy altar of Qazlal.
    45 | D        | Found an iron altar of Okawaru.
    45 | D        | Found a sparkling altar of Nemelex Xobeh.
    45 | D        | Found a burning altar of Makhleb.
    45 | D        | Found a blossoming altar of Fedhas.
    45 | D        | Found a white marble altar of Elyvilon.
    45 | D        | Found a shadowy altar of Dithmenos.
    45 | D        | Found a snail-covered altar of Cheibriados.
    48 | D        | Found a corrupted altar of Lugonu.
    48 | D        | Found a radiant altar of Vehumet.
    48 | D        | Found a roughly hewn altar of Beogh.
    49 | D        | Found an ancient bone altar of Kikubaaqudgha.
    49 | D        | Found a hide-covered altar of Uskayaw.
    49 | D        | Found a shattered altar of Ashenzari.
    50 | D        | Became a worshipper of Sif Muna the Loreminder
    67 | D        | Reached skill level 1 in Stealth
    67 | D        | Reached skill level 1 in Poison Magic
    67 | D        | Reached skill level 1 in Invocations
   125 | D        | Reached skill level 1 in Summonings
   125 | D        | Reached skill level 1 in Earth Magic
   127 | D        | Reached skill level 1 in Crossbows
   127 | D        | Reached XP level 2. HP: 15/23 MP: 6/8
   128 | D        | Reached skill level 1 in Maces & Flails
   128 | D        | Reached skill level 1 in Polearms
   128 | D        | Reached skill level 1 in Staves
   128 | D        | Reached skill level 1 in Slings
   128 | D        | Reached skill level 1 in Fire Magic
   129 | D        | Reached skill level 1 in Bows
   275 | D        | Reached * piety under Sif Muna
   275 | D        | Reached skill level 1 in Long Blades
   275 | D        | Reached skill level 1 in Axes
   275 | D        | Reached skill level 1 in Throwing
   275 | D        | Reached skill level 1 in Shields
   275 | D        | Reached skill level 7 in Unarmed Combat
   275 | D        | Reached skill level 1 in Charms
   275 | D        | Reached skill level 5 in Transmutations
   275 | D        | Reached XP level 3. HP: 15/28 MP: 7/9
   277 | D        | Reached skill level 1 in Conjurations
   488 | D        | Reached skill level 1 in Armour
   488 | D        | Reached skill level 1 in Air Magic
   488 | D        | Reached XP level 4. HP: 24/34 MP: 9/11
   489 | D        | Reached skill level 5 in Dodging
   578 | D        | Learned a level 4 spell: Ice Form
   650 | D        | Noticed a centaur
   656 | D        | Noticed a deep elf mage
   659 | D        | Noticed an orc warrior
   660 | D        | Reached ** piety under Sif Muna
   661 | D        | Noticed an ice beast
   666 | D        | Killed an orc warrior
   666 | D        | Reached XP level 5. HP: 20/41 MP: 9/13
   673 | D        | Killed a centaur
   673 | D        | Reached *** piety under Sif Muna
   673 | D        | Reached skill level 5 in Short Blades
   673 | D        | Reached skill level 8 in Unarmed Combat
   673 | D        | Reached skill level 5 in Necromancy
   673 | D        | Reached XP level 6. HP: 30/48 MP: 11/15
   676 | D        | Killed a deep elf mage
   676 | D        | Reached **** piety under Sif Muna
   676 | D        | Reached skill level 5 in Fighting
   676 | D        | Reached skill level 5 in Long Blades
   676 | D        | Reached skill level 5 in Axes
   676 | D        | Reached skill level 5 in Maces & Flails
   676 | D        | Reached skill level 5 in Polearms
   676 | D        | Reached skill level 5 in Staves
   676 | D        | Reached skill level 5 in Slings
   676 | D        | Reached skill level 5 in Bows
   676 | D        | Reached skill level 5 in Crossbows
   676 | D        | Reached skill level 5 in Throwing
   676 | D        | Reached skill level 5 in Stealth
   676 | D        | Reached skill level 5 in Conjurations
   676 | D        | Reached skill level 5 in Hexes
   676 | D        | Reached skill level 5 in Charms
   676 | D        | Reached skill level 5 in Translocations
   676 | D        | Reached skill level 5 in Fire Magic
   676 | D        | Reached skill level 5 in Ice Magic
   676 | D        | Reached skill level 5 in Air Magic
   676 | D        | Reached skill level 5 in Earth Magic
   676 | D        | Reached skill level 5 in Poison Magic
   676 | D        | Reached skill level 5 in Invocations
   676 | D        | Reached skill level 5 in Evocations
   676 | D        | Reached XP level 7. HP: 36/56 MP: 11/17
   684 | D        | Reached skill level 5 in Shields
   688 | D        | Reached skill level 5 in Summonings
   870 | D        | Learned a level 5 spell: Blade Hands
   934 | D        | Noticed a troll
   936 | D        | Killed a troll
   936 | D        | Reached skill level 5 in Armour
   936 | D        | Reached skill level 9 in Unarmed Combat
   936 | D        | Reached XP level 8. HP: 53/64 MP: 13/19
  1007 | D        | Noticed a snapping turtle
  1015 | D        | Killed a snapping turtle
  1015 | D        | Reached ***** piety under Sif Muna
  1016 | D        | Received a gift from Sif Muna
  1019 | D        | Identified Sif Muna's Papyrus of the Escort and Displacement (Sif Muna gifted it to you in the Dungeon)
  1024 | D        | Learned a level 3 spell: Call Canine Familiar
  1030 | D        | Learned a level 5 spell: Summon Demon
  1174 | D        | Noticed a tyrant leech
  1193 | D        | Killed a tyrant leech
  1222 | D        | Noticed Maurice
  1226 | D        | Reached XP level 9. HP: 57/72 MP: 9/21
  1235 | D        | Killed Maurice
  1246 | D        | Noticed a hellwing
  1257 | D        | Noticed a red devil
  1448 | D        | Noticed an ice devil
  1453 | D        | Reached skill level 10 in Unarmed Combat
  1456 | D        | Killed a hellwing
  1458 | D        | Noticed an orc sorcerer
  1462 | D        | Noticed a black mamba
  1463 | D        | Killed an ice devil
  1465 | D        | Identified Sif Muna's Disquisition on Supportive Shape Shifting (Sif Muna gifted it to you in the Dungeon)
  1465 | D        | Received a gift from Sif Muna
  1475 | D        | Paralysed by something for 4 turns
  1477 | D        | HP: 2/88 [something (3)]
  1477 | D        | Demolished by a blink frog

Vault maps used:
D:        pitsprint

Skill      XL: |  1  2  3  4  5  6  7  8  9 |
---------------+----------------------------+-----
Short Blades   | 3 4 5 6 7 8 |  8.0
Spellcasting   | 5 6 7 8 9 |  9.1
Necromancy     | 1 3 4 5 6 7 8 |  8.1
Stealth        | 2 3 4 5 6 7 |  7.2
Poison Magic   | 1 2 3 4 5 6 7 8 |  8.0
Invocations    | 2 4 5 6 7 |  7.8
Summonings     | 1 2 3 4 5 6 7 |  7.5
Earth Magic    | 1 2 3 5 6 7 |  7.5
Crossbows      | 1 2 3 4 5 6 7 |  7.6
Maces & Flails | 2 3 4 5 6 7 8 |  8.3
Polearms       | 1 3 5 6 7 |  7.4
Staves         | 1 3 4 5 6 7 |  7.4
Slings         | 1 2 3 5 6 7 |  7.5
Fire Magic     | 2 3 4 5 6 7 |  7.7
Bows           | 1 3 5 6 7 |  7.5
Long Blades    | 1 3 5 7 8 |  8.0
Axes           | 1 2 3 5 6 8 |  8.0
Throwing       | 1 2 3 4 5 6 7 |  7.5
Shields        | 1 2 3 4 5 6 7 |  7.6
Unarmed Combat | 7 8 9 10 | 10.2
Hexes          | 2 3 4 5 6 7 8 |  8.2
Charms         | 1 2 3 5 6 7 |  7.5
Translocations | 2 3 5 6 8 |  8.0
Transmutations | 5 6 7 8 9 |  9.1
Ice Magic      | 2 3 5 6 7 |  7.6
Evocations     | 2 3 4 5 6 7 |  7.5
Conjurations   | 1 3 5 6 7 |  7.3
Armour         | 1 2 3 4 5 7 |  7.0
Air Magic      | 1 3 4 5 6 7 8 |  8.0
Dodging        | 5 6 7 8 |  8.9
Fighting       | 3 4 5 6 7 8 |  8.1

Action                   |  1- 3 |  4- 6 |  7- 9 || total
-------------------------+-------+-------+-------++-------
Melee: Unarmed           |    19 |    19 |    78 ||   116
       Kick              |     2 |     1 |       ||     3
       Bite              |     1 |       |     1 ||     2
 Cast: Beastly Appendage |     5 |       |       ||     5
       Ice Form          |       |     1 |     4 ||     5
       Blade Hands       |       |       |     3 ||     3
       Summon Demon      |       |       |     5 ||     5
       Call Canine Famil |       |       |     2 ||     2
  Use: Potion            |       |     3 |     7 ||    10
 Stab: Distracted        |     1 |       |       ||     1
       Sleeping          |     2 |       |     1 ||     3
  Eat: Meat ration       |       |       |     1 ||     1
Armor: Robe              |     3 |     1 |     1 ||     5
       Skin              |       |    11 |    20 ||    31
       Ring mail         |       |       |     8 ||     8
Dodge: Dodged            |    12 |    39 |    78 ||   129

Table legend:
 A = Spawn XP
 B = Non-spawn XP
 C = Spawn XP percentage of total XP
 D = Spawn monster count
 E = Non-spawn monster count
 F = Spawn count percentage of total count
 G = Total turns spent on level
                    A         B        C        D         E        F      G
               +---------+---------+-------+---------+---------+-------+---------
         Total |       0 |    4027 |   0.0 |       0 |      43 |   0.0 |  1477
               +---------+---------+-------+---------+---------+-------+---------
             D |       0 |    4027 |   0.0 |       0 |      43 |   0.0 |  1477
               +---------+---------+-------+---------+---------+-------+---------
